 Dungeon Crawl Stone Soup version 0.26-a0-737-g4e9f4955e2 (console) character file.

Game seed: 15184796760158704988

33 om the Insei (level 3, 0/26 HPs)
             Began as a Merfolk Transmuter on Nov 4, 2020.
             Succumbed to an adder's poison
             ... on level 2 of the Dungeon.
             The game lasted 00:02:53 (1760 turns).

om the Insei (Merfolk Transmuter)                   Turns: 1760, Time: 00:02:53

Health: 0/26       AC:  2    Str: 11    XL:     3   Next: 29%
Magic:  5/6        EV: 13    Int: 12    God:
Gold:   44         SH:  0    Dex: 14    Spells: 2/6 levels left

rFire    . . .     SeeInvis .   d - +0 dagger
rCold    . . .     Faith    .   (no shield)
rNeg     . . .     Spirit   .   a - +0 robe
rPois    .         Reflect  .   (helmet currently unavailable)
rElec    .         Harm     .   (no cloak)
rCorr    .         Rampage  .   (no gloves)
MR       .....                  (boots currently unavailable)
Stlth    +.........             (no amulet)
HPRegen  0.08/turn              (no ring)
MPRegen  0.10/turn              (no ring)

@: lethally poisoned (0 -> -19), appendages (expiring), stab
A: change form in water, swift swim, stealthy swim, horns 2
a: End Transformation


You were on level 2 of the Dungeon.
You had grown temporary horns.
You visited 1 branch of the dungeon, and saw 2 of its levels.

You collected 44 gold pieces.

Inventory:

Hand Weapons
 d - a +0 dagger (weapon)
Armour
 a - a +0 robe (worn)
Jewellery
 f - a cursed ring of protection from cold {unknown}
Scrolls
 c - a scroll of remove curse {unknown}
 e - a scroll of enchant weapon {unknown}
 h - a scroll of immolation {unknown}
Potions
 b - a potion of stabbing
 i - a potion of might {unknown}


   Skills:
 + Level 1.1 Fighting
 - Level 0.1 Short Blades
 + Level 2.9 Dodging
 + Level 4.1 Unarmed Combat
 + Level 2.1 Spellcasting
 + Level 3.3 Transmutations


You had 2 spell levels left.
You knew the following spells:

 Your Spells              Type           Power        Failure   Level
a - Beastly Appendage     Tmut           #.....       7%          1
b - Spider Form           Tmut/Pois      #.........   38%         3

Your spell library contained the following spells:

 Spells                   Type           Power        Failure   Level
 Wereblood                Tmut           #.......     11%         2
 Ice Form                 Ice/Tmut       #.......     80%         4
 Blade Hands              Tmut           #.........   88%         5


Dungeon Overview and Level Annotations

Branches:
Dungeon (2/15)

Altars:


Innate Abilities, Weirdness & Mutations

You revert to your normal form in water.
You are very nimble and swift while swimming.
You are very stealthy in the water. (Stealth+)
You have a pair of horns on your head.


Message History

You barely miss the adder.
The adder is moderately wounded.
You feel sick. The adder bites you.
* * * LOW HITPOINT WARNING * * *
You are more poisoned.
The adder poisons you! The adder barely misses you.
Casting: Beastly Appendage (safe; 7% risk of failure)
Confirm with . or Enter, or press ? or * to list all spells.
You grow a pair of large bovine horns.
Your transformation is almost over.
* * * LOW HITPOINT WARNING * * *
You feel sick. The adder barely misses you.
You miss the adder.
The adder is moderately wounded.
* * * LOW HITPOINT WARNING * * *
You feel sick. The adder bites you.
* * * LOW HITPOINT WARNING * * *
You hit the adder. You headbutt the adder.
The adder is almost dead.
You die...

.... ..... ...#
#..#### ## #
.....# ..
##[###.##S#.#####
.#...##.##@.......
.............#####
#...##.###### ##.#
#.# #.# #>#
#.###.######
#<..........#
#####.#####.# #.#
#.# #.[


You could see an adder.

Vanquished Creatures
  An ooze (D:1)
  A dart slug (D:1)
  3 giant cockroaches (D:1)
  2 goblins (D:1)
  3 hobgoblins (D:1)
  A bat (D:1)
  2 frilled lizards (D:1)
  8 kobolds (D:1)
  5 rats (D:1)
26 creatures vanquished.

Vanquished Creatures (others)
  17 plants (D:1)
17 creatures vanquished.

Grand Total: 43 creatures vanquished

Notes
Turn   | Place    | Note
-------+----------+-------------------------------------------
     0 | D:1      | om the Merfolk Transmuter began the quest for the Orb.
     0 | D:1      | Reached XP level 1. HP: 15/15 MP: 3/3
   127 | D:1      | Reached XP level 2. HP: 21/21 MP: 3/5
   172 | D:1      | Reached skill level 4 in Unarmed Combat
   857 | D:1      | Reached XP level 3. HP: 19/26 MP: 6/6
  1153 | D:1      | Learned a level 3 spell: Spider Form
  1759 | D:2      | HP: 1/26 [adder (1)]
  1760 | D:2      | Succumbed to an adder's poison

Illustrated notes

Levels and vault maps discovered:
D:1:      psy_arrival_radial01, layout_basic, lexackson_kobold_supper
D:2:      layout_loops_ring

Skill      XL: |  1  2 |
---------------+-------+-----
Unarmed Combat | 4 |  4.1
Transmutations | 3 |  3.3
Fighting       | |  1.1
Short Blades   | |  0.1
Dodging        | |  2.9
Spellcasting   | |  2.1

Action                   || total
-------------------------++-------
Melee: Unarmed           ||    27
       Headbutt          ||    14
       Dagger            ||    83
       Punch             ||     1
 Cast: Beastly Appendage ||    17
  Use: Potion            ||     2
 Stab: Sleeping          ||     1
Armor: Robe              ||    15
Dodge: Dodged            ||    83

Table legend: (Time is in decaauts)
 A = Elapsed time spent in this place.
 B = Non-inter-level travel time spent in this place.
 C = Inter-level travel time spent in this place.
 D = Time resting spent in this place.
 E = Time spent auto-exploring this place.
 F = Levels seen in this place.
 G = Mean time per level.
                   A        B        C        D        E       F      G
               +--------+--------+--------+--------+--------+-----+--------+
         Total |   1757 |   1693 |     64 |    712 |    710 |   2 |  878.5 |
       Dungeon |   1757 |   1693 |     64 |    712 |    710 |   2 |  878.5 |
               +--------+--------+--------+--------+--------+-----+--------+

Top non-repeatable levels by time:
     D:1: 1721 daAuts
     D:2: 35 daAuts
